 Dungeon Crawl Stone Soup version 0.23-a0-310-gdcc7a32 (webtiles) character file.

43 iamserjio the Firebug (level 3, 0/19 HPs)
             Began as a Kobold Fire Elementalist on Oct 12, 2018.
             Slain by an adder (3 damage)
             ... on level 2 of the Dungeon.
             The game lasted 00:05:26 (1027 turns).

iamserjio the Firebug (Kobold Fire Elementalist)    Turns: 1027, Time: 00:05:27

Health: 0/19       AC:  2    Str:  5    XL:     3   Next: 82%
Magic:  0/6        EV: 16    Int: 17    God:
Gold:   91         SH:  0    Dex: 15    Spells: 5/6 levels left

rFire    . . .     SeeInvis .   b - +0 spear
rCold    . . .     Gourm    .   (shield restricted)
rNeg     . . .     Faith    .   a - +0 robe
rPois    .         Spirit   .   (no helmet)
rElec    .         Reflect  .   (no cloak)
rCorr    .         Harm     .   (no gloves)
MR       .....                  (no boots)
Stlth    ++........             (no amulet)
HPRegen  0.06/turn              (no ring)
MPRegen  0.10/turn              (no ring)

@: no status effects
A: small, carnivore
a: no special abilities


You were on level 2 of the Dungeon.
You were not hungry.

You visited 1 branch of the dungeon, and saw 2 of its levels.

You collected 91 gold pieces.

Inventory:

Hand Weapons
 b - a +0 spear (weapon)
 h - a +0 mace
Missiles
 j - 13 sling bullets
Armour
 a - a +0 robe (worn)
 f - a +1 buckler
 k - a +0 leather armour of cold resistance
Jewellery
 i - an uncursed ring of ice {unknown}
Scrolls
 g - a scroll of fog
 m - a scroll of enchant armour
Comestibles
 c - a ration


   Skills:
 + Level 3.1 Dodging
 - Level 2.6 Stealth
 - Level 2.1 Spellcasting
 * Level 2.4 Conjurations
 + Level 3.4 Fire Magic


You had 5 spell levels left.
You knew the following spells:

 Your Spells              Type           Power        Failure   Level  Hunger
a - Flame Tongue          Conj/Fire      ##...        6%          1    #......

Your spell library contained the following spells:

 Spells                   Type           Power        Failure   Level  Hunger
 Throw Flame              Conj/Fire      ##....       9%          2    ###....
 Conjure Flame            Conj/Fire      ##......     17%         3    ###....
 Inner Flame              Hex/Fire       #.......     28%         3    ###....
 Sticky Flame             Conj/Fire      ##......     50%         4    #####..
 Fireball                 Conj/Fire      ##........   85%         5    ######.


Dungeon Overview and Level Annotations

Branches:
Dungeon (2/15)

Altars:
Gozag

Shops:
D:2 *


Innate Abilities, Weirdness & Mutations

You are small and have problems with some larger weapons.
You are carnivorous and can eat meat at any time.


Message History

It is a scroll of amnesia.
Okay, then.
The adder completely misses you.
You aren't carrying any potions.
Unknown command.
Okay, then.
You aren't carrying any potions.
Unknown command.
You hit the adder. The adder misses you. x2
You closely miss the adder. The adder misses you.
You barely miss the adder. The adder completely misses you.
The adder bites you.
* * * LOW HITPOINT WARNING * * *
You hit the adder. The adder barely misses you.
Casting: Flame Tongue (safe; 6% risk of failure)
Aiming: Flame Tongue (safe; 6% risk of failure)
Aim: an adder (moderately wounded)
The flame tongue hits the adder.
The adder completely misses you.
You hit the adder. The adder barely misses you. The adder bites you.
You die...

#≈.....≈..............
#≈.⌠.⌠.≈..............
#≈..∩..≈..............
.≈.⌠.⌠.≈.............
.≈.....≈...........
.≈≈≈≈≈≈≈.......)##
#....#...........#
#....#.......###S###
..##(.)..##..# #@..#
..#......##..##........#
...<###..##.....#####...
#.### #.....#.#.# ## ..#
............ ...
.####.###.. .. .### #
#.# #### . .# #.# #


You could see an adder.

Vanquished Creatures
  2 adders
  An ooze (D:2)
  A giant cockroach (D:1)
  3 goblins (D:1)
  5 hobgoblins
  3 bats
  A frilled lizard (D:1)
  3 kobolds
  2 rats (D:1)
21 creatures vanquished.

Notes
Turn   | Place    | Note
-------+----------+-------------------------------------------
     0 | D:1      | iamserjio the Kobold Fire Elementalist began the quest for
                  | the Orb.
     0 | D:1      | Reached XP level 1. HP: 10/10 MP: 3/3
   183 | D:1      | Reached XP level 2. HP: 15/15 MP: 3/5
   564 | D:1      | Reached XP level 3. HP: 8/19 MP: 0/6
   954 | D:2      | Found Gozag's Platinum Reserve.
   957 | D:2      | Found an opulent altar of Gozag.
  1027 | D:2      | Slain by an adder

Vault maps used:
D:1:      evilmike_arrival_plus
D:2:      nicolae_gozag_zags_fifth_avenue, gammafunk_temple_overflow_forgotten,
          uniq_crazy_yiuf_cottage

Skill      XL: |  1  2  3 |
---------------+----------+-----
Conjurations   | 2 |  2.4
Dodging        | 3 |  3.1
Stealth        | |  2.6
Spellcasting   | |  2.1
Fire Magic     | |  3.4

Action                   || total
-------------------------++-------
Melee: Spear             ||    23
 Cast: Flame Tongue      ||    38
  Use: Scroll            ||     3
       Potion            ||     2
  Eat: Chunk             ||     4
Armor: Robe              ||     3
Dodge: Dodged            ||    38

Table legend:
 A = Non-vault XP
 B = Vault XP
 C = Vault XP percentage of total XP
 D = Non-vault monster count
 E = Vault monster count
 F = Vault count percentage of total count
                 A         B        C        D         E       F
            +---------+---------+-------+---------+---------+-------
      Total |      62 |       0 |   0.0 |      21 |       0 |   0.0
            +---------+---------+-------+---------+---------+-------
        D:1 |      34 |       0 |   0.0 |      14 |       0 |   0.0
        D:2 |      28 |       0 |   0.0 |       7 |       0 |   0.0
            +---------+---------+-------+---------+---------+-------
